 Dungeon Crawl Stone Soup version 0.26-a0-540-g8a0c9464d7 (webtiles) character file.

Game seed: 9981824943938416908

2200 Apogee the Reanimator (level 9, -6/57 HPs)
             Began as a Demonspawn Necromancer on Aug 18, 2020.
             Was a Priest of Yredelemnul.
             Killed from afar by an orc wizard (12 damage)
             ... with a puff of flame
             ... on level 8 of the Dungeon.
             The game lasted 00:21:51 (9892 turns).

Apogee the Reanimator (Demonspawn Necromancer)      Turns: 9892, Time: 00:21:52

Health: -6/57      AC:  6    Str:  9    XL:     9   Next: 12%
Magic:  9/20       EV: 12    Int: 19    God:    Yredelemnul [***...]
Gold:   280        SH:  0    Dex:  9    Spells: 10/23 levels left

rFire    . . .     SeeInvis .   t - +1 short sword (speed)
rCold    . . .     Faith    .   (no shield)
rNeg     + . .     Spirit   .   s - +0 leather armour
rPois    +         Reflect  .   (no helmet)
rElec    .         Harm     +   A - +2 cloak of a sewer {Harm rPois rN+ Dex-5}
rCorr    .                      (no gloves)
MR       .....                  (no boots)
Stlth    ++........             (no amulet)
HPRegen  0.19/turn              (no ring)
MPRegen  0.17/turn              (no ring)

@: no status effects
A: powered by death 2, powered by pain 1, sturdy frame 1
a: Recall Undead Slaves, Injury Mirror, Animate Dead, Renounce Religion


You were on level 8 of the Dungeon.
You worshipped Yredelemnul.
Yredelemnul was most pleased with you.
You visited 1 branch of the dungeon, and saw 8 of its levels.

You collected 460 gold pieces.
You spent 180 gold pieces at shops.

Inventory:

Hand Weapons
 c - a +0 dagger
   (You took it off a goblin on level 1 of the Dungeon)
 e - a +2 hand axe of venom
   (You found it on level 1 of the Dungeon)
 t - a +1 short sword of speed (weapon)
   (You took it off an orc on level 3 of the Dungeon)
Armour
 a - a +0 robe
 s - a +0 leather armour (worn)
   (You took it off a hobgoblin on level 3 of the Dungeon)
 A - the +2 cloak of a sewer (worn) {Harm rPois rN+ Dex-5}
   (You bought it in a shop on level 5 of the Dungeon)

   It affects your dexterity (-5).
   It protects you from poison.
   It protects you from negative energy.
   It increases damage dealt and taken.
Jewellery
 m - a cursed ring of teleportation {unknown}
   (You found it on level 2 of the Dungeon)
 q - an uncursed amulet of reflection {unknown}
   (You found it on level 3 of the Dungeon)
Wands
 x - a wand of acid (16)
   (You found it on level 7 of the Dungeon)
 y - a wand of enslavement (3)
   (You took it off Ijyb on level 4 of the Dungeon)
Scrolls
 b - 6 scrolls of remove curse {unknown}
 d - 5 scrolls of teleportation {unknown}
 h - 2 scrolls of random uselessness {unknown}
 j - 2 scrolls of immolation {unknown}
 k - 2 scrolls of noise {unknown}
 p - a scroll of blinking {unknown}
 r - 4 scrolls of identify {unknown}
 v - a scroll of enchant weapon {unknown}
 B - a scroll of brand weapon {unknown}
 F - a scroll of amnesia {unknown}
 G - a scroll of enchant armour {unknown}
Potions
 f - a potion of brilliance {unknown}
 g - 3 potions of curing {unknown}
 i - a potion of heal wounds {unknown}
 l - 2 potions of lignification {unknown}
 n - 4 potions of flight {unknown}
 o - 2 potions of degeneration {unknown}
 u - a potion of ambrosia {unknown}
 w - a potion of resistance {unknown}
 z - a potion of might {unknown}
 C - a potion of mutation {unknown}
 D - 2 potions of haste {unknown}
 E - 2 potions of stabbing {unknown}


   Skills:
 - Level 1.7 Dodging
 - Level 1.7 Stealth
 + Level 7.7 Spellcasting
 + Level 9.9 Necromancy
 + Level 5.0 Invocations


You had 10 spell levels left.
You knew the following spells:

 Your Spells              Type           Power        Failure   Level
a - Pain                  Necr           ####         1%          1
b - Agony                 Necr           #####...     4%          5
q - Vampiric Draining     Necr           #####.....   1%          3
u - Animate Dead          Necr           #####.....   1%          4

Your spell library contained the following spells:

 Spells                   Type           Power        Failure   Level
 Animate Skeleton         Necr           #####.       1%          1
 Shock                    Conj/Air       #...         10%         1
 Swiftness                Air            #.......     16%         2
 Static Discharge         Conj/Air       #.......     30%         3
 Airstrike                Air            #.........   69%         4
 Lightning Bolt           Conj/Air       #.........   95%         5


Dungeon Overview and Level Annotations

Branches:
Dungeon (8/15)             Temple (0/1) D:7
   Lair: D:8-11

Altars:
Ashenzari
Elyvilon
Fedhas
Gozag
Makhleb
Qazlal
Sif Muna
Wu Jian
Xom
Yredelemnul
Zin
The Shining One

Shops:
D:5 [

Annotations:
D:2 2 transporters
D:4 4 runed translucent doors
D:5 Grinder
D:6 1 runed translucent door, night's ghost, amateur DrVM


Innate Abilities, Weirdness & Mutations

You regenerate health from kills.
You sometimes gain a little power by taking damage.
Your movements are slightly less encumbered by armour. (ER -2)


Message History

The worker ant writhes in agony.
The worker ant bites you.
The orc hits your mummy but does no damage.
Something hits your mummy.
Your mummy barely misses the orc.
Aim: a worker ant (heavily wounded)
You kill the worker ant!
Yredelemnul accepts your kill.
You feel life coursing into your body.
You hear some strange, mumbled words.
A puff of frost appears from out of thin air!
The puff of frost misses you. The orc hits your mummy.
The bullfrog hits you but does no damage.
Aim: a bullfrog (chance to defeat MR: 84%)
The bullfrog writhes in agony.
Something barely misses you. The bullfrog hits you.
The orc barely misses your mummy.
Your mummy hits the orc. Something hits you.
Aim: a bullfrog (moderately wounded, chance to defeat MR: 84%)
The bullfrog writhes in agony!
The bullfrog hits you.
You hear some strange, mumbled words.
A magic dart appears from out of thin air!
The magic dart hits you!
* * * LOW HITPOINT WARNING * * *
The orc hits your mummy. The bullfrog hits you.
* * * LOW HITPOINT WARNING * * *
Aim: a bullfrog (severely wounded)
You feel life coursing into your body. Something hits your mummy.
Your mummy is destroyed!
The bullfrog hits you but does no damage.
Something hits you.
* * * LOW HITPOINT WARNING * * *
Aim: a bullfrog (almost dead)
You kill the bullfrog!
Yredelemnul accepts your kill.
Your Invocations skill increases to level 5!
Something hits you but does no damage. The orc closely misses you.
You hit something but do no damage.
You hear some strange, mumbled words.
A puff of flame appears from out of thin air!
The puff of flame hits you!
* * * LOW HITPOINT WARNING * * *
The orc hits you.
* * * LOW HITPOINT WARNING * * *
You hear some strange, mumbled words.
A puff of flame appears from out of thin air!
The puff of flame hits you!
You die...
Your body rises from the dead as a mindless zombie.

#....M..# #........#
##.##.##.## #.######.#
......##^.####.######.#
#.........#.........##.#
#.#.#......####.###.##.##
# #........# #.........#
###....#.# #.#######.#
#.o{o..# #.# #.# ##.#@###
#.# #.# #.#{# ..# #.#
#o#.# ..# #.# ..# #.# ..#
#.# .... ..# .... .....


You could see 2 orcs.

Vanquished Creatures
  An orc warrior (D:7)
  An ice beast (D:5)
  2 ogres
  3 centaurs
  2 bullfrogs
  2 scorpions
  5 wights (D:7)
  A howler monkey (D:5)
  A centaur zombie (D:5)
  A bullfrog zombie (D:5)
  6 hounds
  A jelly (D:5)
  3 iguanas
  5 orc wizards
  A bullfrog skeleton (D:4)
  Ijyb (D:4)
  4 worker ants
  A hound zombie (D:8)
  A hound skeleton (D:7)
  6 gnolls
  13 adders
  A white imp (D:7)
  An ooze (D:1)
  2 adder zombies (D:5)
  A worm (D:4)
  A dart slug (D:2)
  4 leopard geckos
  29 orcs
  A ball python (D:4)
  10 bats
  6 giant cockroaches
  14 goblins
  6 hobgoblins
  9 jackals
  A quokka (D:7)
  A ball python skeleton (D:4)
  9 frilled lizards
  A goblin skeleton (D:5)
  A goblin zombie (D:5)
  12 kobolds
  A leopard gecko zombie (D:6)
  An orc skeleton (D:5)
  3 orc zombies (D:5)
  A quokka skeleton (D:7)
  7 rats
184 creatures vanquished.

Vanquished Creatures (collateral kills)
  An ogre (D:5)
  A bullfrog (D:6)
  A hound skeleton (D:5)
  A gnoll (D:5)
  A shadow imp (D:5)
  An orc (D:7)
  A jackal (D:7)
  A goblin skeleton (D:5)
  A hobgoblin zombie (D:5)
  A kobold skeleton (D:5)
  An orc zombie (D:5)
11 creatures vanquished.

Vanquished Creatures (others)
  A mummy (D:8)
  An adder (D:4)
  A bullfrog zombie (D:7)
  A centaur zombie (D:7)
  A gnoll zombie (D:5)
  A jackal zombie (D:7)
  A leopard gecko zombie (D:7)
  2 orc zombies (D:7)
  A worker ant zombie (D:7)
  A withered plant (D:6)
11 creatures vanquished.

Grand Total: 206 creatures vanquished

Notes
Turn   | Place    | Note
-------+----------+-------------------------------------------
     0 | D:1      | Apogee the Demonspawn Necromancer began the quest for the
                  | Orb.
     0 | D:1      | Reached XP level 1. HP: 13/13 MP: 3/3
   487 | D:1      | Gained mutation: You regenerate a little health from kills.
                  | [demonic ancestry]
   487 | D:1      | Reached XP level 2. HP: 6/19 MP: 0/5
  1266 | D:1      | Gained mutation: You sometimes gain a little power by
                  | taking damage. [demonic ancestry]
  1266 | D:1      | Reached XP level 3. HP: 24/24 MP: 5/7
  1315 | D:1      | Reached skill level 5 in Necromancy
  2122 | D:2      | Gained mutation: You regenerate health from kills. [demonic
                  | ancestry]
  2122 | D:2      | Reached XP level 4. HP: 25/30 MP: 2/8
  2268 | D:2      | Learned a level 3 spell: Vampiric Draining
  2465 | D:2      | Noticed an ogre
  2466 | D:2      | Found an ornate altar of the Wu Jian Council.
  2495 | D:2      | Found a transporter.
  2504 | D:2      | Found a transporter.
  3231 | D:3      | Learned a level 4 spell: Animate Dead
  3357 | D:3      | Found a stormy altar of Qazlal.
  3364 | D:3      | Gained mutation: Your movements are slightly less
                  | encumbered by armour. (ER -2) [demonic ancestry]
  3364 | D:3      | Reached XP level 5. HP: 30/35 MP: 6/10
  3617 | D:3      | Reached skill level 6 in Necromancy
  4525 | D:4      | Found a blossoming altar of Fedhas.
  4525 | D:4      | Found a shimmering altar of Xom.
  4530 | D:4      | Found a shimmering blue altar of Sif Muna.
  4532 | D:4      | Found a white marble altar of Elyvilon.
  4534 | D:4      | Found a basalt altar of Yredelemnul.
  4540 | D:4      | Became a worshipper of Yredelemnul the Dark
  4564 | D:4      | Found a glowing silver altar of Zin.
  4565 | D:4      | Found an opulent altar of Gozag.
  4642 | D:4      | Found a large runed translucent door.
  4643 | D:4      | Found a large runed translucent door.
  4646 | D:4      | Found a large runed translucent door.
  4646 | D:4      | Found a large runed translucent door.
  4648 | D:4      | Noticed an orc warrior
  4701 | D:4      | Reached XP level 6. HP: 30/41 MP: 4/12
  5312 | D:4      | Noticed Ijyb
  5323 | D:4      | Killed Ijyb
  5327 | D:4      | Reached skill level 7 in Necromancy
  5339 | D:4      | Learned a level 5 spell: Agony
  5580 | D:4      | Reached skill level 5 in Spellcasting
  5898 | D:4      | Reached XP level 7. HP: 38/46 MP: 6/14
  6013 | D:4      | Reached * piety under Yredelemnul
  6133 | D:5      | Entered Level 5 of the Dungeon
  6304 | D:5      | HP: 1/46 [centaur (5)]
  6537 | D:5      | Reached skill level 8 in Necromancy
  6884 | D:5      | Found a glowing golden altar of the Shining One.
  6957 | D:5      | Reached XP level 8. HP: 50/52 MP: 6/17
  7061 | D:5      | Found Zoanaeni's Antique Armour Shop.
  7091 | D:5      | Bought a spiked cloak for 180 gold pieces
  7096 | D:5      | Identified the +2 cloak of a sewer {Harm rPois rN+ Dex-5}
                  | (You bought it in a shop on level 5 of the Dungeon)
  7133 | D:5      | Reached ** piety under Yredelemnul
  7332 | D:5      | Noticed Grinder
  7821 | D:6      | Found a runed translucent door.
  7821 | D:6      | Noticed night's ghost (amateur DrVM)
  7949 | D:6      | Reached skill level 9 in Necromancy
  8188 | D:6      | Found a burning altar of Makhleb.
  8330 | D:7      | Reached skill level 1 in Invocations
  8737 | D:7      | Found a staircase to the Ecumenical Temple.
  9250 | D:7      | Found a shattered altar of Ashenzari.
  9468 | D:8      | Reached XP level 9. HP: 28/57 MP: 8/20
  9624 | D:8      | Reached *** piety under Yredelemnul
  9748 | D:8      | Received a gift from Yredelemnul (a mummy)
  9891 | D:8      | Reached skill level 5 in Invocations
  9892 | D:8      | Killed from afar by an orc wizard

Illustrated notes

Levels and vault maps discovered:
D:1:      tarquinn_simple_flora_water_b, layout_loops_corners,
          minmay_misc_feat_room, minivault_23
D:2:      layout_basic, gammafunk_temple_overflow_arena, minmay_tripent
D:3:      corexii_shack_village, layout_basic, grunt_qazlal_clouds
D:4:      kennysheep_the_goblin_king, layout_cave_pools,
          grunt_temple_overflow_gold_and_silver,
          chequers_temple_overflow_minitemple, minmay_hollow_rounded_squares
D:5:      layout_loops_ring, serial_shops, nicolae_shop_trees,
          serial_park_tiny_pond, nicolae_tso_besieged_by_evil, uniq_grinder
D:6:      layout_basic, demons_altar, gammafunk_ghost_grave
D:7:      layout_basic, old_standard_altar, minmay_temple_entry_ruins
D:8:      layout_loops_corners, ebering_ghost_inner_flame, serial_shops, shop

Skill      XL: |  1  2  3  4  5  6  7  8  9 |
---------------+----------------------------+-----
Necromancy     | 5 6 7 8 9 |  9.9
Spellcasting   | 3 4 5 6 7 |  7.7
Invocations    | 4 5 |  5.0
Dodging        | |  1.7
Stealth        | |  1.7

Action                   |  1- 3 |  4- 6 |  7- 9 || total
-------------------------+-------+-------+-------++-------
Melee: Unarmed           |     3 |       |       ||     3
       Short sword       |       |   139 |   269 ||   408
       Dagger            |       |     1 |       ||     1
 Cast: Pain              |    71 |   119 |    90 ||   280
       Animate Dead      |       |     4 |       ||     4
       Vampiric Draining |       |       |    24 ||    24
       Agony             |       |       |     1 ||     1
Invok: Animate Remains   |       |       |    16 ||    16
Evoke: Wand              |       |     1 |     6 ||     7
 Stab: Sleeping          |       |     4 |     2 ||     6
Armor: Robe              |     3 |       |       ||     3
       Leather armour    |       |    23 |    59 ||    82
Dodge: Dodged            |     8 |    82 |   198 ||   288

Table legend: (Time is in decaauts)
 A = Elapsed time spent in this place.
 B = Non-inter-level travel time spent in this place.
 C = Inter-level travel time spent in this place.
 D = Time resting spent in this place.
 E = Time spent auto-exploring this place.
 F = Levels seen in this place.
 G = Mean time per level.
                   A        B        C        D        E       F      G
               +--------+--------+--------+--------+--------+-----+--------+
         Total |   9782 |   9523 |    259 |   2190 |   5943 |   8 | 1222.8 |
       Dungeon |   9782 |   9523 |    259 |   2190 |   5943 |   8 | 1222.8 |
               +--------+--------+--------+--------+--------+-----+--------+

Top non-repeatable levels by time:
     D:4: 1711 daAuts
     D:1: 1704 daAuts
     D:3: 1460 daAuts
     D:2: 1284 daAuts
     D:5: 1212 daAuts
     D:7: 1101 daAuts
     D:6: 863 daAuts
     D:8: 443 daAuts
